 Dungeon Crawl Stone Soup version 0.26-a0-1177-g1209ec82b9 (webtiles) character file.

Game seed: 2361355855775728281

175 cobaltphoenix the Cudgeller (level 5, -2/48 HPs)
             Began as a Minotaur Berserker on Dec 24, 2020.
             Was a Believer of Trog.
             Succumbed to kobold's curare-tipped dart
             ... on level 2 of the Dungeon.
             The game lasted 00:05:13 (2910 turns).

cobaltphoenix the Cudgeller (Minotaur Berserker)    Turns: 2910, Time: 00:05:13

Health: -2/48      AC:  3    Str: 22    XL:     5   Next: 29%
Magic:  4/4        EV: 12    Int:  4    God:    Trog [**....]
Gold:   112        SH:  0    Dex: 10    Spells: 4/4 levels left

rFire    + . .     SeeInvis .   a - +0 mace
rCold    + . .     Faith    .   (no shield)
rNeg     . . .     Spirit   .   b - +0 animal skin
rPois    .         Reflect  .   (helmet restricted)
rElec    .         Harm     .   k - scarf {rC+ rF+}
rCorr    .         Rampage  .   (no gloves)
Will     .....                  d - +0 pair of boots
Stlth    +.........             (no amulet)
HPRegen  0.16/turn              (no ring)
MPRegen  0.09/turn              (no ring)

@: lethally poisoned (-2 -> -23), slowed, very slow
A: retaliatory headbutt, horns 2
a: Renounce Religion, Berserk, Trog's Hand


You were on level 2 of the Dungeon.
You worshipped Trog.
Trog was pleased with you.
You visited 1 branch of the dungeon, and saw 3 of its levels.

You collected 112 gold pieces.


Innate Abilities, Weirdness & Mutations

You reflexively headbutt those who attack you in melee.
You have a pair of horns on your head.


   Skills:
 + Level 5.1 Fighting
 * Level 6.3 Maces & Flails
 - Level 2.4 Armour
 - Level 2.1 Dodging


You had 4 spell levels left.
You didn't know any spells.
Your spell library was empty.

Inventory:

Hand Weapons
 a - a +0 mace (weapon)
Missiles
 e - 138 stones (quivered)
Armour
 b - a +0 animal skin (worn)
 d - a +0 pair of boots (worn)
   (You found it on level 1 of the Dungeon)
 k - a scarf of resistance (worn)
   (You found it on level 2 of the Dungeon)
 n - a +0 pair of gloves
   (You found it on level 2 of the Dungeon)
Jewellery
 h - a cursed -4 ring of strength {unknown}
   (You found it on level 1 of the Dungeon)
 i - an uncursed amulet of reflection {unknown}
   (You found it on level 2 of the Dungeon)
Wands
 j - a wand of polymorph (10)
   (You took it off a kobold on level 2 of the Dungeon)
 l - a wand of random effects (24)
   (You took it off Jessica on level 2 of the Dungeon)
Scrolls
 f - 4 scrolls of remove curse {unknown}
 m - a scroll of fog {unknown}
 o - a scroll of identify {unknown}
 q - a scroll of teleportation {unknown}
 r - a scroll of fear {unknown}
Potions
 c - 3 potions of cancellation {unknown}
 g - a potion of attraction {unknown}
 p - a potion of lignification {unknown}

Dungeon Overview and Level Annotations

Branches:
Dungeon (3/15)

Altars:

#.#.##.....##.........#.
#........####.........#.
#######.###..# #.........#.
#............# #.........#.
###########..####.##'####.#.
#>..................
#w##.##.#.##.####...
#...................
###@.##.#.##.####.#.
#######.###.#.##.####...
#...........#.##........
#.#####.#####.##........ #.#
#.......##÷....... #.#
###.########........ #.#
#...# ######.####### #.#
#.#.# #............# #.#
#.#.# #.......†....#


You could see a worm.


Message History

You kill the worm!
Trog accepts your kill.
You have reached level 5!
You regained 6 hp, and now have 39/47 hp.
MP restored: 4
e - 104 stones (gained 1)
Found a stone staircase leading down.
e - 105 stones (gained 1) Health restored: 47
e - 106 stones (gained 1)
e - 107 stones (gained 1)
o - a scroll labelled TIUZA BIORUMAT
e - 108 stones (gained 1)
You open the door.
There is an open door here.
An ooze and a zombie come into view.
The ooze moves out of view.
You throw a stone.
The stone barely misses the bullfrog zombie.
You throw a stone.
The stone barely misses the bullfrog zombie.
You throw a stone.
The stone barely misses the bullfrog zombie.
You hit the bullfrog zombie. The bullfrog zombie closely misses you.
You hit the bullfrog zombie. The bullfrog zombie closely misses you.
The ooze completely misses you. The bullfrog zombie hits you.
You take 6 damage, and have 41/47 hp.
You hit the bullfrog zombie. You headbutt the bullfrog zombie!
The ooze hits you. The bullfrog zombie hits you.
You take 6 damage, and have 35/47 hp.
You sock the bullfrog zombie! You headbutt the bullfrog zombie.
You destroy the bullfrog zombie!
Trog accepts your kill. The ooze closely misses you. You furiously retaliate!
You headbutt the ooze!
You kill the ooze!
Trog accepts your kill.
Your Fighting skill increases to level 5!
No target in view!
No target in view!
e - 106 stones (gained 1)
e - 107 stones (gained 1)
You now have 112 gold pieces (gained 5).
e - 138 stones (gained 31)
Found an escape hatch in the floor.
Health restored: 48
There is an open door here.
p - a metallic sapphire potion
q - a scroll labelled SER CI WIUCVAWK
r - a scroll labelled ROFUATH HIGH Done exploring.
No target in view!
Done exploring.
No target in view!
Done exploring.
Done exploring.
Done exploring.
(D) Dungeon
Where to? (Enter - D:2, ? - help)
There is a stone staircase leading down here.
You climb downwards.
A worm and a kobold come into view.
The kobold is quivering 2 curare-tipped darts.
The kobold shouts!
You hear a bark! x3
There is a stone staircase leading up here.
You hit the worm.
The kobold throws a curare-tipped dart.
The curare-tipped dart hits you.
You are poisoned.
You have difficulty breathing.
You feel yourself slow down.
You take 3 damage, and have 45/48 hp.
You barely miss the worm.
You feel very sick.
The kobold throws a curare-tipped dart.
The curare-tipped dart hits you.
You are more poisoned.
You have difficulty breathing.
You feel as though you will be slow longer.
The worm closely misses you.
You take 11 damage, and have 34/48 hp.
MASSIVE DAMAGE!!
You feel very sick. The worm bites you!
You climb upwards.
* * * LOW HITPOINT WARNING * * *
You feel very sick.
There is a stone staircase leading down here.
You take 21 damage, and have 13/48 hp.
MASSIVE DAMAGE!!
You are too injured to fight recklessly!
You are too injured to fight recklessly!
You are too injured to fight recklessly!
* * * LOW HITPOINT WARNING * * *
You feel very sick. The worm bites you!
* * * LOW HITPOINT WARNING * * *
You take 10 damage, and have 3/48 hp.
MASSIVE DAMAGE!!
* * * LOW HITPOINT WARNING * * *
You feel very sick.
You take 2 damage, and have 1/48 hp.
You die...

Skill      XL: |  1  2  3  4  5 |
---------------+----------------+-----
Maces & Flails | 4 5 6 |  6.3
Fighting       | 4 5 |  5.1
Armour         | |  2.4
Dodging        | |  2.1

Action                   |  1- 3 |  4- 6 || total
-------------------------+-------+-------++-------
Melee: Mace              |    58 |    43 ||   101
       Headbutt          |     9 |     7 ||    16
Throw: Stone             |    31 |    17 ||    48
Invok: Berserk           |     2 |     1 ||     3
Armor: Animal skin       |    17 |     5 ||    22
Dodge: Dodged            |    43 |    21 ||    64

Levels and vault maps discovered:
D:1:      dpeg_arrival_tiny_h, layout_loops_cross
D:2:      layout_basic, solitary_fountain, minivault_26,
          kennysheep_jessica_study
D:3:      layout_basic

Notes
Turn   | Place    | Note
-------+----------+-------------------------------------------
     0 | D:1      | cobaltphoenix the Minotaur Berserker began the quest for
                  | the Orb.
     0 | D:1      | Reached XP level 1. HP: 19/19 MP: 0/0
    31 | D:1      | Reached skill level 4 in Maces & Flails
   204 | D:1      | Reached XP level 2. HP: 23/27 MP: 1/1
   307 | D:1      | Reached skill level 4 in Fighting
   696 | D:1      | Reached XP level 3. HP: 30/33 MP: 2/2
  1402 | D:2      | Reached skill level 5 in Maces & Flails
  1631 | D:2      | Reached XP level 4. HP: 39/41 MP: 3/3
  1805 | D:2      | Noticed Jessica
  1813 | D:2      | Identified Jessica's Collected Works on the Voyage
  1834 | D:2      | HP: 9/41 [something (4)]
  1837 | D:2      | Killed Jessica
  1837 | D:2      | Reached ** piety under Trog
  2494 | D:2      | Reached skill level 6 in Maces & Flails
  2568 | D:2      | Reached XP level 5. HP: 39/47 MP: 4/4
  2660 | D:2      | Reached skill level 5 in Fighting
  2908 | D:2      | HP: 10/48 [poisoned by kobold (curare-tipped dart)]
  2908 | D:2      | HP: 3/48 [worm (7)]
  2909 | D:2      | HP: 1/48 [poisoned by kobold (curare-tipped dart)]
  2910 | D:2      | Succumbed to kobold's curare-tipped dart

Vanquished Creatures
  A bullfrog zombie (D:2)
  Jessica (D:2)
  5 adders (D:2)
  A gnoll (D:1)
  3 oozes
  2 worms (D:2)
  3 dart slugs
  2 giant cockroaches
  5 goblins
  4 hobgoblins
  6 kobolds
  3 quokkas (D:2)
  3 bats (D:1)
  3 frilled lizards
  5 rats
47 creatures vanquished.

Table legend: (Time is in decaauts)
 A = Elapsed time spent in this place.
 B = Non-inter-level travel time spent in this place.
 C = Inter-level travel time spent in this place.
 D = Time resting spent in this place.
 E = Time spent auto-exploring this place.
 F = Levels seen in this place.
 G = Mean time per level.
                   A        B        C        D        E       F      G
               +--------+--------+--------+--------+--------+-----+--------+
         Total |   2957 |   2888 |     69 |     59 |   2364 |   3 |  985.7 |
       Dungeon |   2957 |   2888 |     69 |     59 |   2364 |   3 |  985.7 |
               +--------+--------+--------+--------+--------+-----+--------+

Top non-repeatable levels by time:
     D:2: 1802 daAuts
     D:1: 1150 daAuts
     D:3: 4 daAuts

Table legend:
 A = Non-vault XP
 B = Vault XP
 C = Vault XP percentage of total XP
 D = Non-vault monster count
 E = Vault monster count
 F = Vault count percentage of total count
                 A         B        C        D         E       F
            +---------+---------+-------+---------+---------+-------
      Total |     212 |      39 |  15.5 |      45 |       2 |   4.3
            +---------+---------+-------+---------+---------+-------
        D:1 |      54 |       0 |   0.0 |      20 |       0 |   0.0
        D:2 |     158 |      39 |  19.8 |      25 |       2 |   7.4
            +---------+---------+-------+---------+---------+-------
